NCAA
DUKE BLUE DEVILS @ PURDUE BOILERMAKERS
05/16/2025
 
TOP OF THE 1ST
Duke Blue Devils batting - Pitching for Purdue Boilermakers : RHP Héctor Villegas
Pitching: RHP Héctor Villegas
Batting: LHB Vicente Chávez 0-0: Called Strike
0-1: Fly out, F7 (Flyball, 78XD)
Batting: LHB Will Hill 0-0: Called Strike
0-1: Called Strike
0-2: Ball
1-2: Strikes out looking
Batting: RHB Matt Osborne 0-0: Called Strike
0-1: Ball
1-1: Called Strike
1-2: Strikes out swinging
Top of the 1st over - 0 run(s), 0 hit(s), 0 error(s), 0 left on base; Duke 0 - Purdue 0
BOTTOM OF THE 1ST
Purdue Boilermakers batting - Pitching for Duke Blue Devils : RHP Peter Watson
Pitching: RHP Peter Watson
Batting: RHB Francisco Herrera 0-0: Called Strike
0-1: Swinging Strike
0-2: Strikes out swinging
Batting: RHB Ricardo Velásquez 0-0: Ball
1-0: Ball
2-0: Ball
3-0: Called Strike
3-1: Called Strike
3-2: Strikes out looking
Batting: RHB Jorge Carrillo 0-0: Ball
1-0: Foul Ball, location: 2F
1-1: Ball
2-1: Called Strike
2-2: Strikes out looking
Bottom of the 1st over - 0 run(s), 0 hit(s), 0 error(s), 0 left on base; Duke 0 - Purdue 0
TOP OF THE 2ND
Duke Blue Devils batting - Pitching for Purdue Boilermakers : RHP Héctor Villegas
Batting: RHB Joe Leach 0-0: Ball
1-0: DOUBLE (Groundball, 5L)
Batting: RHB Albert Reaveley 0-0: Ground out 1-3 (Groundball, 23)
Joe Leach to third
Batting: RHB Jim Love 0-0: Ball
1-0: Swinging Strike
1-1: Ball
2-1: Foul Ball, location: 2F
2-2: Foul Ball, location: 2F
2-2: Ball
3-2: Foul Ball, location: 2F
3-2: Ground out 4-3 (Groundball, 4)
Joe Leach scores
Batting: RHB John James 0-0: Ball
1-0: Ball
2-0: SINGLE (Line Drive, 56D)
Batting: LHB Kelsey Greer 0-0: Ball
1-0: Ball
2-0: Ball
John James steals 2nd base
3-0: Base on Balls
Batting: SHB Tomás Sánchez 0-0: Swinging Strike
0-1: Ball
1-1: Foul Ball, location: 2F
1-2: Ball
2-2: Strikes out swinging
Top of the 2nd over - 1 run(s), 2 hit(s), 0 error(s), 2 left on base; Duke 1 - Purdue 0
BOTTOM OF THE 2ND
Purdue Boilermakers batting - Pitching for Duke Blue Devils : RHP Peter Watson
Batting: RHB Dave Crawford 0-0: Foul Ball, location: 2F
0-1: Ball
1-1: Ball
2-1: Ball
3-1: Base on Balls
Batting: SHB Joaquín Gilera 0-0: Called Strike
0-1: Ball
1-1: Ball
2-1: Ball
3-1: Called Strike
3-2: Base on Balls
Dave Crawford to second
Batting: LHB Bryan Barnes 0-0: Ball
1-0: Foul Ball, location: 2F
1-1: SINGLE (Groundball, 34D)
Dave Crawford to third
Joaquín Gilera to second
Runner from 3rd tries for Home, SAFE, throw made home
Joaquín Gilera to third
Bryan Barnes to second
Batting: RHB Eric Patrick 0-0: Called Strike
0-1: Ball
1-1: Ball
2-1: Ball
3-1: Base on Balls
Batting: RHB Henry O'Brien 0-0: Ball
1-0: Ball
2-0: Ball
Wild Pitch!
Joaquín Gilera scores
Bryan Barnes to third
Eric Patrick to second
3-0: Base on Balls
Batting: RHB Jorge Molina 0-0: Grounds into double play, 4-6-3 (Groundball, 4)
Bryan Barnes scores
Eric Patrick to third
Batting: RHB Francisco Herrera 0-0: SINGLE (Line Drive, 6)
Eric Patrick scores
Batting: RHB Ricardo Velásquez 0-0: Ball
1-0: Ball
Francisco Herrera is caught stealing 2nd base
Bottom of the 2nd over - 4 run(s), 2 hit(s), 0 error(s), 0 left on base; Duke 1 - Purdue 4
TOP OF THE 3RD
Duke Blue Devils batting - Pitching for Purdue Boilermakers : RHP Héctor Villegas
Batting: LHB Vicente Chávez 0-0: Ball
1-0: Ball
2-0: Ball
3-0: Base on Balls
Batting: LHB Will Hill 0-0: Ball
1-0: Grounds into double play, U6-3 (Groundball, 6M)
Batting: RHB Matt Osborne 0-0: Ball
1-0: Ball
2-0: Foul Ball, location: 2F
2-1: Swinging Strike
2-2: Strikes out swinging
Top of the 3rd over - 0 run(s), 0 hit(s), 0 error(s), 0 left on base; Duke 1 - Purdue 4
BOTTOM OF THE 3RD
Purdue Boilermakers batting - Pitching for Duke Blue Devils : RHP Peter Watson
Batting: RHB Ricardo Velásquez 0-0: Ground out 6-3 (Groundball, 6)
Batting: RHB Jorge Carrillo 0-0: Ball
1-0: Called Strike
1-1: Ball
2-1: Ball
3-1: Called Strike
3-2: Base on Balls
Batting: RHB Dave Crawford 0-0: Called Strike
0-1: Ball
1-1: Grounds into double play, 5-4-3 (Groundball, 5)
Bottom of the 3rd over - 0 run(s), 0 hit(s), 0 error(s), 0 left on base; Duke 1 - Purdue 4
TOP OF THE 4TH
Duke Blue Devils batting - Pitching for Purdue Boilermakers : RHP Héctor Villegas
Batting: RHB Joe Leach 0-0: Ground out 6-3 (Groundball, 6)
Batting: RHB Albert Reaveley 0-0: Foul Ball, location: 2F
0-1: Ball
1-1: SINGLE (Groundball, 6MD)
Batting: RHB Jim Love 0-0: Grounds into double play, U6-3 (Groundball, 6)
Top of the 4th over - 0 run(s), 1 hit(s), 0 error(s), 0 left on base; Duke 1 - Purdue 4
BOTTOM OF THE 4TH
Purdue Boilermakers batting - Pitching for Duke Blue Devils : RHP Peter Watson
Batting: SHB Joaquín Gilera 0-0: Ball
1-0: Ball
2-0: Called Strike
2-1: Ground out 4-3 (Groundball, 4)
Batting: LHB Bryan Barnes 0-0: Ball
1-0: Called Strike
1-1: Ball
2-1: SINGLE (Groundball, 4M)
Batting: RHB Eric Patrick 0-0: Ball
1-0: Ball
2-0: Ball
3-0: Called Strike
3-1: Base on Balls
Bryan Barnes to second
Batting: RHB Henry O'Brien 0-0: Foul Ball, location: 2F
0-1: Ball
1-1: Grounds into double play, 6-4-3 (Groundball, 6)
Bottom of the 4th over - 0 run(s), 1 hit(s), 0 error(s), 1 left on base; Duke 1 - Purdue 4
TOP OF THE 5TH
Duke Blue Devils batting - Pitching for Purdue Boilermakers : RHP Héctor Villegas
Batting: RHB John James 0-0: Foul Ball, location: 2F
0-1: Swinging Strike
0-2: Foul Ball, location: 2F
0-2: Ball
1-2: Ball
2-2: Ball
3-2: Strikes out looking
Batting: LHB Kelsey Greer 0-0: Ball
1-0: Ball
2-0: Called Strike
2-1: Swinging Strike
2-2: Fly out, F7 (Flyball, 7M)
Batting: SHB Tomás Sánchez 0-0: Ball
1-0: Called Strike
1-1: SINGLE (Groundball, 4MD)
Batting: LHB Vicente Chávez 0-0: Called Strike
0-1: Swinging Strike
0-2: Fly out, F8 (Flyball, 8LD)
Top of the 5th over - 0 run(s), 1 hit(s), 0 error(s), 1 left on base; Duke 1 - Purdue 4
BOTTOM OF THE 5TH
Purdue Boilermakers batting - Pitching for Duke Blue Devils : RHP Peter Watson
Batting: RHB Jorge Molina 0-0: Ball
1-0: Ground out 5-3 (Groundball, 56)
Batting: RHB Francisco Herrera 0-0: Fly out, F9 (Flyball, 89S)
Batting: RHB Ricardo Velásquez 0-0: Swinging Strike
0-1: Ball
1-1: Ball
2-1: Foul Ball, location: 2F
2-2: Foul Ball, location: 2F
2-2: Ground out 5-3 (Groundball, 5)
Bottom of the 5th over - 0 run(s), 0 hit(s), 0 error(s), 0 left on base; Duke 1 - Purdue 4
TOP OF THE 6TH
Duke Blue Devils batting - Pitching for Purdue Boilermakers : RHP Héctor Villegas
Batting: LHB Will Hill 0-0: Ball
1-0: Ball
2-0: Foul Ball, location: 2F
2-1: Ball
3-1: Foul Ball, location: 2F
3-2: Strikes out swinging
Batting: RHB Matt Osborne 0-0: Called Strike
0-1: Foul Ball, location: 2F
0-2: Ball
1-2: Ball
2-2: Foul Ball, location: 2F
2-2: Strikes out looking
Batting: RHB Joe Leach 0-0: Ball
1-0: Swinging Strike
1-1: Ball
2-1: Ball
3-1: Base on Balls
Pitching: RHP Fernando Hernández
Batting: RHB Albert Reaveley 0-0: Called Strike
0-1: Ball
1-1: Ball
Joe Leach steals 2nd base
2-1: Swinging Strike
2-2: Strikes out swinging
Top of the 6th over - 0 run(s), 0 hit(s), 0 error(s), 1 left on base; Duke 1 - Purdue 4
BOTTOM OF THE 6TH
Purdue Boilermakers batting - Pitching for Duke Blue Devils : RHP Peter Watson
Batting: RHB Jorge Carrillo 0-0: Ball
1-0: SINGLE (Groundball, 6D)
Batting: RHB Dave Crawford 0-0: Ball
1-0: Foul Ball, location: 2F
1-1: Foul Ball, location: 2F
1-2: Foul Ball, location: 2F
1-2: DOUBLE (Line Drive, 9LM)
Jorge Carrillo to third
Jorge Carrillo scores
Pitching: RHP John O'Greane
Batting: SHB Joaquín Gilera 0-0: Ball
1-0: Foul Ball, location: 2F
1-1: Reached on error, E4 (Groundball, 4)
Dave Crawford to third
Batting: LHB Bryan Barnes 0-0: Swinging Strike
0-1: Ball
1-1: Ground out 4-3 (Groundball, 4M)
Dave Crawford scores
Joaquín Gilera to second
Batting: RHB Eric Patrick 0-0: Ball
1-0: SINGLE (Flyball, 9LS)
Joaquín Gilera to third
Batting: RHB Henry O'Brien 0-0: Ball
1-0: Swinging Strike
1-1: Called Strike
1-2: Strikes out swinging
Batting: RHB Jorge Molina 0-0: Ball
1-0: Fly out, F9 (Flyball, 9S)
Bottom of the 6th over - 2 run(s), 3 hit(s), 1 error(s), 2 left on base; Duke 1 - Purdue 6
TOP OF THE 7TH
Duke Blue Devils batting - Pitching for Purdue Boilermakers : RHP Fernando Hernández
Batting: RHB Jim Love 0-0: Ground out 4-3 (Groundball, 4)
Batting: RHB John James 0-0: Fly out, F9 (Flyball, 9M)
Batting: LHB Kelsey Greer 0-0: Swinging Strike
0-1: Called Strike
0-2: Strikes out swinging, 2-3 out at first.
Top of the 7th over - 0 run(s), 0 hit(s), 0 error(s), 0 left on base; Duke 1 - Purdue 6
BOTTOM OF THE 7TH
Purdue Boilermakers batting - Pitching for Duke Blue Devils : RHP John O'Greane
Batting: RHB Francisco Herrera 0-0: Foul Ball, location: 2F
0-1: Foul Ball, location: 2F
0-2: Ball
1-2: Foul Ball, location: 2F
1-2: Strikes out swinging
Batting: RHB Ricardo Velásquez 0-0: Ball
1-0: Swinging Strike
1-1: Called Strike
1-2: Ball
2-2: Ball
3-2: Foul Ball, location: 2F
3-2: Base on Balls
Batting: RHB Jorge Carrillo 0-0: Swinging Strike
0-1: Called Strike
0-2: Strikes out looking
Batting: RHB Dave Crawford 0-0: Called Strike
0-1: Swinging Strike
0-2: Strikes out looking
Bottom of the 7th over - 0 run(s), 0 hit(s), 0 error(s), 1 left on base; Duke 1 - Purdue 6
TOP OF THE 8TH
Duke Blue Devils batting - Pitching for Purdue Boilermakers : RHP Fernando Hernández
Batting: SHB Tomás Sánchez 0-0: Called Strike
0-1: Foul Ball, location: 2F
0-2: Ground out 4-3 (Groundball, 4)
Batting: LHB Vicente Chávez 0-0: Foul Ball, location: 2F
0-1: Foul Ball, location: 2F
0-2: Strikes out swinging
Batting: LHB Will Hill 0-0: Swinging Strike
0-1: Foul Ball, location: 2F
0-2: Fly out, F7 (Flyball, 7D)
Top of the 8th over - 0 run(s), 0 hit(s), 0 error(s), 0 left on base; Duke 1 - Purdue 6
BOTTOM OF THE 8TH
Purdue Boilermakers batting - Pitching for Duke Blue Devils : RHP John O'Greane
Pitching: RHP Fred McWalrick
Batting: SHB Joaquín Gilera 0-0: Called Strike
0-1: Ground out 3-1 (Groundball, 34)
Batting: LHB Bryan Barnes 0-0: Called Strike
0-1: Swinging Strike
0-2: Strikes out swinging
Batting: RHB Eric Patrick 0-0: Ball
1-0: Called Strike
1-1: Called Strike
1-2: Ball
2-2: Ball
3-2: Base on Balls
Batting: RHB Henry O'Brien 0-0: Ball
Eric Patrick steals 2nd base
1-0: SINGLE (Groundball, 34D)
Eric Patrick to third
Runner from 3rd tries for Home, SAFE, no throw or cutoff
Batting: RHB Jorge Molina 0-0: Ground out U3 (Groundball, 3)
Bottom of the 8th over - 1 run(s), 1 hit(s), 0 error(s), 1 left on base; Duke 1 - Purdue 7
TOP OF THE 9TH
Duke Blue Devils batting - Pitching for Purdue Boilermakers : RHP Fernando Hernández
Batting: RHB Matt Osborne 0-0: Ground out 6-3 (Groundball, 6)
Batting: RHB Joe Leach 0-0: Ball
1-0: Ball
2-0: Ball
3-0: Called Strike
3-1: Base on Balls
Batting: RHB Albert Reaveley 0-0: Grounds out, U3 (Groundball, 3L)
Batting: RHB Jim Love 0-0: Ball
1-0: Swinging Strike
1-1: Foul Ball, location: 2F
1-2: Foul Ball, location: 2F
1-2: Foul Ball, location: 2F
1-2: SINGLE (Line Drive, 4MD)
Joe Leach to third
Batting: RHB John James 0-0: Foul Ball, location: 2F
0-1: Ball
1-1: Ball
2-1: Ball
3-1: Base on Balls
Jim Love to second
Batting: LHB Kelsey Greer 0-0: Ball
1-0: Called Strike
1-1: Called Strike
1-2: Ball
2-2: Strikes out swinging
Top of the 9th over - 0 run(s), 1 hit(s), 0 error(s), 3 left on base; Duke 1 - Purdue 7
This league is powered by Out of the Park Baseball, the baseball management simulation game for PC, Mac and Linux
Tuesday, August 2nd, 2016 - OOTP Baseball 16.8 Build 38